 Dungeon Crawl Stone Soup version 0.25.1-2-g60ff931df9 (webtiles) character file.

Game seed: 5878185861025933949

2004 hawla the Nimble (level 9, -3/74 HPs)
             Began as a Minotaur Gladiator on Oct 18, 2020.
             Was an Initiate of Gozag.
             Slain by a manticore (14 damage)
             ... on level 7 of the Dungeon.
             The game lasted 00:13:45 (5403 turns).

hawla the Nimble (Minotaur Gladiator)               Turns: 5403, Time: 00:13:46

Health: -3/74      AC:  6    Str: 22    XL:     9   Next: 2%
Magic:  11/11      EV: 16    Int:  5    God:    Gozag
Gold:   704        SH:  0    Dex: 12    Spells: 8/8 levels left

rFire    . . .     SeeInvis .   a - +1 quarterstaff
rCold    . . .     Gourm    .   (shield currently unavailable)
rNeg     + . .     Faith    .   k - +1 troll leather armour {Purgy}
rPois    .         Spirit   .   c - +0 hat
rElec    .         Reflect  .   n - +0 cloak
rCorr    .         Harm     .   (no gloves)
MR       .....                  (no boots)
Stlth    +.........             (no amulet)
HPRegen  0.62/turn              p - ring of positive energy
MPRegen  0.12/turn              (no ring)

@: no status effects
A: retaliatory headbutt, horns 2
a: Potion Petition, Call Merchant, Bribe Branch, Renounce Religion


You were on level 7 of the Dungeon.
You worshipped Gozag.
Gozag was pleased with you.
You were full.

You visited 2 branches of the dungeon, and saw 8 of its levels.

You collected 754 gold pieces.
You paid 50 gold pieces to Gozag.

Inventory:

Hand Weapons
 a - a +1 quarterstaff (weapon)
 g - a +1 flail of protection
 w - a +0 quarterstaff
 x - a +0 quarterstaff
Missiles
 m - 20 boomerangs (quivered)
Armour
 c - a +0 hat (worn)
 k - a +1 troll leather armour (worn) {Purgy}
 n - a +0 cloak (worn)
Jewellery
 p - a ring of positive energy (left hand)
 r - an uncursed amulet of faith {unknown}
 F - an uncursed amulet of magic regeneration {unknown}
 G - the ring "Gegik" {MP+9 SInv, unknown}
   (You found it on level 7 of the Dungeon)

   [ring of see invisible]

   It affects your magic capacity (+9).
   It lets you see invisible.
Wands
 i - a wand of flame (24)
Scrolls
 b - 3 scrolls of magic mapping
 o - 7 scrolls of identify
 q - a scroll of fear
 t - a scroll of teleportation
 y - a scroll of enchant weapon
 E - a scroll of remove curse
Potions
 d - 2 potions of lignification {unknown}
 e - 3 potions of stabbing
 h - a potion of invisibility {unknown}
 j - 2 potions of brilliance {unknown}
 l - 3 potions of mutation {unknown}
 s - a potion of magic {unknown}
 u - a potion of ambrosia {unknown}
 v - a potion of berserk rage {unknown}
 A - a potion of haste {unknown}
 B - 2 potions of flight {unknown}
 D - a potion of curing
Comestibles
 f - 5 rations


   Skills:
 + Level 5.0 Fighting
 + Level 4.4(6.4) Maces & Flails
 + Level 7.3(7.9) Staves
 + Level 2.4 Throwing
 + Level 4.0 Armour
 * Level 8.1 Dodging
 + Level 4.0 Evocations


You had 8 spell levels left.
You didn't know any spells.
Your spell library was empty.

Dungeon Overview and Level Annotations

Branches:
Dungeon (7/15)             Temple (1/1) D:4

Altars:
Ashenzari
Cheibriados
Dithmenos
Elyvilon
Fedhas
Gozag
Hepliaklqana
Kikubaaqudgha
Makhleb
Nemelex Xobeh
Okawaru
Qazlal
Ru
Sif Muna
Trog
Uskayaw
Vehumet
Wu Jian
Xom
Yredelemnul
Zin
The Shining One


Innate Abilities, Weirdness & Mutations

You reflexively headbutt those who attack you in melee.
You have a pair of horns on your head.


Message History

You hit the manticore. Your headbutt misses the manticore.
The manticore is moderately wounded.
The manticore bites you! The manticore claws you. x2
You sock the manticore! You headbutt the manticore!
The manticore is heavily wounded.
You carefully extract the barbed spikes from your body.
The manticore bites you. The manticore claws you.
* * * LOW HITPOINT WARNING * * *
The manticore claws you!
* * * LOW HITPOINT WARNING * * *
You feel much better. The manticore bites you!!
* * * LOW HITPOINT WARNING * * *
The manticore claws you!
* * * LOW HITPOINT WARNING * * *
The manticore closely misses you.
You barely miss the manticore. Your headbutt misses the manticore.
The manticore is heavily wounded.
The manticore bites you!
You die...
Your body crumbles into a pile of gold.

.. .## ..# #.# #.##
#############..##
#..<.....##.....#
##.##.###.##.##..#.#
#.....# #.##.#.@H(.#
#######
#....#.#....#
#..#.#. ....#
#[.#.## #..##
..#.#.# ...#
##.#.#.# #..#
#...#.# #.# #####..
.# ##


You could see a manticore.

Vanquished Creatures
  2 orc warriors (D:6)
  A black bear (D:6)
  4 ogres (D:5)
  Purgy (D:3)
  A phantom (D:4)
  2 centaurs (D:6)
  A bullfrog (D:4)
  A scorpion (D:4)
  A water moccasin skeleton (D:6)
  A howler monkey (D:5)
  A bullfrog zombie (D:5)
  A quasit (D:6)
  7 hounds
  4 centaur skeletons
  An orc priest (D:6)
  2 orc wizards (D:6)
  2 iguanas (D:5)
  4 worker ants
  2 worker ant zombies
  7 gnolls
  3 adders
  3 worms
  4 dart slugs
  5 leopard geckos
  18 orcs
  2 ball pythons
  3 giant cockroaches
  9 goblins
  A hobgoblin (D:1)
  8 jackals
  6 quokkas
  7 bats
  4 frilled lizards
  7 kobolds
  A quokka skeleton (D:6)
  9 rats
136 creatures vanquished.

Notes
Turn   | Place    | Note
-------+----------+-------------------------------------------
     0 | D:1      | hawla the Minotaur Gladiator began the quest for the Orb.
     0 | D:1      | Reached XP level 1. HP: 18/18 MP: 0/0
   371 | D:1      | Reached XP level 2. HP: 20/25 MP: 1/1
   698 | D:1      | Reached skill level 4 in Dodging
   855 | D:1      | Reached XP level 3. HP: 30/30 MP: 2/2
  1413 | D:2      | Found a glowing golden altar of the Shining One.
  1586 | D:2      | Reached skill level 1 in Armour
  1735 | D:3      | HP: 1/30 [gnoll/+0 halberd (4)]
  1735 | D:3      | Reached XP level 4. HP: 2/37 MP: 3/3
  2083 | D:3      | Found a sparkling altar of Nemelex Xobeh.
  2365 | D:2      | Found a stormy altar of Qazlal.
  2465 | D:3      | Noticed Purgy
  2473 | D:3      | Killed Purgy
  2473 | D:3      | Reached XP level 5. HP: 42/45 MP: 4/4
  2493 | D:3      | Noticed an angel
  2502 | D:3      | Found a glowing silver altar of Zin.
  2502 | D:3      | Found a shimmering altar of Xom.
  2936 | D:4      | Reached skill level 5 in Staves
  2936 | D:4      | Reached skill level 1 in Evocations
  2941 | D:4      | Reached skill level 1 in Maces & Flails
  2953 | D:4      | Reached skill level 5 in Dodging
  2953 | D:4      | Reached XP level 6. HP: 38/51 MP: 4/6
  3311 | D:4      | Reached XP level 7. HP: 58/58 MP: 7/7
  3401 | D:4      | Found a staircase to the Ecumenical Temple.
  3616 | Temple   | Entered the Ecumenical Temple
  3630 | Temple   | Became a worshipper of Gozag Ym Sagoz the Greedy
  3839 | D:5      | Entered Level 5 of the Dungeon
  3857 | D:5      | Reached skill level 6 in Dodging
  4039 | D:5      | Found an ornate altar of the Wu Jian Council.
  4039 | D:5      | Found an ancient bone altar of Kikubaaqudgha.
  4040 | D:5      | Found a radiant altar of Vehumet.
  4096 | D:5      | Reached XP level 8. HP: 66/66 MP: 9/9
  4243 | D:5      | Reached skill level 7 in Dodging
  4808 | D:6      | HP: 1/67 [orc warrior/cursed -1 mace (16)]
  4974 | D:6      | Reached skill level 8 in Dodging
  5203 | D:6      | Reached skill level 5 in Fighting
  5203 | D:6      | Reached XP level 9. HP: 59/74 MP: 11/11
  5375 | D:7      | Got a twitching platinum ring
  5386 | D:7      | Noticed a manticore
  5403 | D:7      | Slain by a manticore

Illustrated notes

Levels and vault maps discovered:
D:1:      psy_arrival_radial02, layout_loops_ring, hangedman_decor_growths,
          hangedman_decor_points
D:2:      layout_rooms, tso_altar, nicolae_overflow_hidden_temple, first_ration,
          serial_bayou_crossing
D:3:      layout_basic, grunt_temple_overflow_order_and_chaos_1,
          nicolae_overflow_crystal_walls, uniq_purgy
D:4:      layout_cave_pools, temple_hall
D:5:      layout_basic, gammafunk_temple_overflow_claw
D:6:      layout_loops_ring
D:7:      layout_basic, uniq_menkaure, uniq_joseph, uniq_harold
Temple:   eino_temple_water

Skill      XL: |  1  2  3  4  5  6  7  8 |
---------------+-------------------------+-----
Staves         | 4 5 7 |  7.3
Dodging        | 4 5 6 8 |  8.1
Armour         | 1 2 3 4 |  4.0
Fighting       | 3 4 5 |  5.0
Evocations     | 1 2 4 |  4.0
Maces & Flails | 1 2 4 |  4.4
Throwing       | |  2.4

Action                   |  1- 3 |  4- 6 |  7- 9 || total
-------------------------+-------+-------+-------++-------
Melee: Quarterstaff      |    91 |    12 |   118 ||   221
       Headbutt          |     9 |    20 |    34 ||    63
       Flail             |       |    90 |    51 ||   141
Throw: Throwing net      |       |     3 |     2 ||     5
       Boomerang         |       |     2 |     1 ||     3
Evoke: Wand              |       |     6 |       ||     6
  Use: Scroll            |     8 |     3 |     3 ||    14
       Potion            |       |     4 |     1 ||     5
  Eat: Chunk             |     3 |     1 |     1 ||     5
       Ration            |       |     1 |     3 ||     4
Armor: Ring mail         |    34 |    11 |       ||    45
       Leather armour    |     1 |       |       ||     1
       Troll leather arm |       |    33 |    34 ||    67
Dodge: Dodged            |    48 |   103 |   131 ||   282
